 Dungeon Crawl Stone Soup version 0.29-a0-275-g389c0b56f3 (webtiles) character file.

Game seed: 8485903665098021719

284 sammy202020 the Skirmisher (level 6, -5/51 HPs)
             Began as a Palentonga Berserker on Mar 9, 2022.
             Was a Believer of Trog.
             Killed by divine providence
             ... invoked by an orc priest
              (15 damage)
             ... on level 4 of the Dungeon.
             The game lasted 00:06:36 (4525 turns).

sammy202020 the Skirmisher (Palentonga Berserker)   Turns: 4525, Time: 00:06:37

Health: -5/51      AC:  8    Str: 20    XL:     6   Next: 7%
Magic:  0/6        EV:  7    Int: 10    God:    Trog [**....]
Gold:   188        SH:  7    Dex:  9    Spells: 5/5 levels left

rFire   . . .      SeeInvis +   a - +1 hand axe
rCold   + . .      Faith    .   g - +0 kite shield
rNeg    . . .      Spirit   +   q - +1 ring mail {rC+}
rPois   .          Reflect  .   (no helmet)
rElec   .          Harm     .   k - +0 cloak
rCorr   .          Rampage  .   (no gloves)
Will    ++...                   (no barding)
Stlth   ..........              o - amulet of guardian spirit
HPRegen 1.17/turn               (no ring)
MPRegen 0.10/turn               (no ring)

@: strong-willed (expiring), regenerating (expiring)
A: large, rugged brown scales 3, see invisible, deformed body, roll 1, armoured
tail
a: Rolling Charge, Renounce Religion, Berserk, Trog's Hand


You were on level 4 of the Dungeon.
You worshipped Trog.
Trog was pleased with you.
You visited 1 branch of the dungeon, and saw 4 of its levels.

You collected 237 gold pieces.
You spent 49 gold pieces at shops.

Inventory:

Hand Weapons
 a - a +1 hand axe (weapon)
 b - a +0 flail
Missiles
 d - a throwing net
Armour
 f - an orb of light
 g - a +0 kite shield (worn)
 k - a +0 cloak (worn)
 m - a scarf of repulsion
 q - a +1 ring mail of cold resistance (worn)
Jewellery
 o - an amulet of guardian spirit (around neck)
Wands
 e - a wand of flame (10)
Potions
 c - 4 potions of curing
 h - a potion of mutation
 n - a potion of flight
 p - a potion of resistance {unknown}


   Skills:
 * Level 4.2 Fighting
 * Level 4.0 Axes
 * Level 2.8 Armour
 + Level 2.3 Dodging
 * Level 1.9 Shields


You had 5 spell levels left.
You didn't know any spells.
Your spell library was empty.

Dungeon Overview and Level Annotations

Branches:
Dungeon (4/15)             Temple (0/1) D:4

Altars:
Dithmenos
Makhleb

Shops:
D:1 [


Innate Abilities, Weirdness & Mutations

You are completely covered in rugged brown scales. (AC +3, +7% HP)
You have supernaturally acute eyesight. (SInv)
Armour fits poorly on your strangely shaped body.
You can roll at nearby foes to attack.
You have a long armoured tail.


Message History

The orc shouts!
You hit the orc wizard but do no damage.
The orc wizard is almost dead.
The orc wizard hits you with a +0 dagger.
You slash the orc wizard!
You kill the orc wizard!
Trog accepts your kill.
Trog appreciates your killing of a magic user.
You have reached level 6!
You hit the orc but do no damage. You block the orc's attack.
The orc barely misses you.
You hit the orc.
The orc is moderately wounded.
The orc priest mumbles some strange prayers to Beogh against you.
Beogh smites you!
* * * LOW HITPOINT WARNING * * *
The orc hits you but does no damage.
You closely miss the orc.
The orc is moderately wounded.
The orc priest looks satisfied for a moment.
The orc hits you with a +0 mace.
* * * LOW HITPOINT WARNING * * *
You barely miss the orc.
The orc is moderately wounded.
The orc hits you but does no damage.
Okay, then.
You hit the orc.
You kill the orc!
Trog accepts your kill.
The orc priest hits you with a +0 flail.
* * * LOW HITPOINT WARNING * * *
You hit the orc priest.
The orc priest is moderately wounded.
The orc priest barely misses you.
You hit the orc priest.
The orc priest is severely wounded.
You feel the effects of Trog's Hand fading.
The orc priest invokes the aid of Beogh against you.
Beogh smites you!
You die...

##...≈≈≈≈..# #.#
#.#.# #...⌠≈≈≈≈..#
#.# #.#.#
#....≈≈≈≈..# #.#
#.#.#####
#..........#
#.#.....<
##.#......#
#.#######
#.#..##### #.#
#.....# #.#
#####.###########.#
#.#######
#.......@oo>..#
#........
###############
#########


You could see an orc priest and an orc.

Vanquished Creatures
  2 hounds (D:4)
  A gnoll shaman (D:4)
  An orc wizard (D:4)
  3 gnolls (D:4)
  7 adders
  4 worms
  A dart slug (D:2)
  4 orcs
  4 ball pythons
  A bat (D:1)
  9 endoplasms
  4 giant cockroaches
  7 hobgoblins
  7 jackals
  5 kobolds
  A quokka (D:2)
  A frilled lizard (D:2)
  3 goblins
  3 rats
68 creatures vanquished.

Notes
Turn   | Place    | Note
-------+----------+-------------------------------------------
     0 | D:1      | sammy202020 the Palentonga Berserker began the quest for
                  | the Orb.
     0 | D:1      | Reached XP level 1. HP: 19/19 MP: 1/1
   257 | D:1      | Reached XP level 2. HP: 21/25 MP: 2/2
   376 | D:1      | Found Luesch's Armour Shoppe.
   383 | D:1      | Bought a +0 kite shield for 49 gold pieces
   762 | D:2      | Found a burning altar of Makhleb.
   808 | D:2      | Reached XP level 3. HP: 11/31 MP: 3/3
  1944 | D:2      | Reached XP level 4. HP: 39/39 MP: 4/4
  2534 | D:3      | Reached skill level 1 in Shields
  2842 | D:3      | Found a faded altar of an unknown god.
  3127 | D:3      | Reached ** piety under Trog
  3493 | D:4      | Reached XP level 5. HP: 32/44 MP: 1/5
  3711 | D:4      | Found a shadowy altar of Dithmenos.
  3776 | D:4      | Found a staircase to the Ecumenical Temple.
  4519 | D:4      | Reached XP level 6. HP: 22/51 MP: 3/6
  4525 | D:4      | Killed from afar by an orc priest

Illustrated notes

Levels and vault maps discovered:
D:1:      nzn_arrival_settlement, layout_rooms, serial_shops, shop
D:2:      layout_basic, basic_altar
D:3:      layout_loops_ring, nicolae_ecumenical_lake_church,
          minmay_misc_feat_pillars, st_stairs_4, dreamdust_princess_bridge
D:4:      layout_loops_ring, mainiacjoe_overflow_brackets,
          minmay_temple_entry_waves, serial_shops,
          nicolae_shop_advertising_works [nicolae_subvault_shop_adworks],
          serial_park_tiny_pond, uniq_ijyb

Skill      XL: |  1  2  3  4  5 |
---------------+----------------+-----
Armour         | 2 |  2.8
Shields        | 1 |  1.9
Dodging        | 2 |  2.3
Fighting       | 4 |  4.2
Axes           | 4 |  4.0

Action                   |  1- 3 |  4- 6 || total
-------------------------+-------+-------++-------
Melee: Hand axe          |    90 |   145 ||   235
       Tailslap          |     8 |    16 ||    24
Invok: Berserk           |     3 |     1 ||     4
       Trog's Hand       |       |     2 ||     2
 Abil: Rolling Charge    |     1 |     1 ||     2
  Use: Scroll            |       |    10 ||    10
 Stab: Sleeping          |       |     1 ||     1
Armor: Animal skin       |    24 |     7 ||    31
       Ring mail         |       |    47 ||    47
Dodge: Dodged            |    29 |    51 ||    80
Block: Kite shield       |    25 |    42 ||    67

Table legend: (Time is in decaauts)
 A = Elapsed time spent in this place.
 B = Non-inter-level travel time spent in this place.
 C = Inter-level travel time spent in this place.
 D = Time resting spent in this place.
 E = Time spent auto-exploring this place.
 F = Levels seen in this place.
 G = Mean time per level.
                   A        B        C        D        E       F      G
               +--------+--------+--------+--------+--------+-----+--------+
         Total |   4616 |   4516 |    100 |    658 |   3177 |   4 | 1154.0 |
       Dungeon |   4616 |   4516 |    100 |    658 |   3177 |   4 | 1154.0 |
               +--------+--------+--------+--------+--------+-----+--------+

Top non-repeatable levels by time:
     D:2: 1988 daAuts
     D:4: 1081 daAuts
     D:3: 997 daAuts
     D:1: 549 daAuts
